 Dungeon Crawl Stone Soup version 0.30.1-3-gfc49f6343a (webtiles) character file.

Game seed: 8728423876021165044

8042 javelincjr the Fighter (level 11, -10/89 HPs)
             Began as a Demonspawn Fighter on July 24, 2023.
             Was a High Priest of Okawaru.
             Mangled by Snorg (18 damage)
             ... on level 10 of the Dungeon.
             The game lasted 00:43:37 (8733 turns).

javelincjr the Fighter (Demonspawn Fighter)         Turns: 8733, Time: 00:43:37

Health: -10/89     AC: 24    Str: 20    XL:     11   Next: 4%
Magic:  13/15      EV: 12    Int: 10    God:    Okawaru [*****.]
Gold:   320        SH: 12    Dex: 13    Spells: 10/10 levels left

rFire   . . .        k - +2 rapier (venom)
rCold   + . .        c - +0 buckler
rNeg    + . .        z - +7 chain mail of Baldness {rC+ rN+}
rPois   .            i - +0 helmet
rElec   .            (no cloak)
rCorr   .            f - +0 pair of gloves
SInv    .            (no boots)
Will    +....        y - amulet of reflection Stlth
                     N - ring of willpower
HPRegen 0.34/turn    (no ring)
MPRegen 0.14/turn

%: reflection
@: heroic
A: hooves 1, thin metallic scales 1, powered by death 2
a: Renounce Religion, Heroism, Finesse, Duel


You were on level 10 of the Dungeon.
You worshipped Okawaru.
Okawaru was extremely pleased with you.
You visited 1 branch of the dungeon, and saw 10 of its levels.

You collected 410 gold pieces.
You spent 90 gold pieces at shops.

Inventory:

Hand Weapons
 a - a +0 war axe
 k - a +2 rapier of venom (weapon)
 n - a +0 mace of protection
 q - a +2 dagger of protection
 C - a +0 dagger of draining
 P - a +1 battleaxe of venom
 T - a +0 short sword of flaming
 V - a +3 dagger of distortion
 Y - a +2 triple sword of freezing
Missiles
 s - 5 javelins (quivered)
 D - 2 throwing nets
 F - 31 poisoned darts
 O - 9 curare-tipped darts
Armour
 c - a +0 buckler (worn)
 f - a +0 pair of gloves (worn)
 i - a +0 helmet (worn)
 z - the +7 chain mail of Baldness (worn) {rC+ rN+}
   (You found it on level 3 of the Dungeon)

   rC:        It protects you from cold.
   rN:        It protects you from negative energy.
 E - the +1 leather armour of Jyhanich {Fly rF+}
   (You found it on level 4 of the Dungeon)

   rF:        It protects you from fire.
   Fly:       It grants you flight.
 U - quicksilver dragon scales
 W - a +2 robe of fire resistance
Jewellery
 y - an amulet of reflection (around neck)
 N - a ring of willpower (left hand)
Wands
 m - a wand of flame (8)
 M - a wand of mindburst (12)
 R - a wand of digging (5)
 X - a wand of quicksilver (14)
Scrolls
 b - a scroll of fear
 g - 2 scrolls of vulnerability
 l - a scroll of torment
 p - 2 scrolls of blinking
 r - 3 scrolls of enchant weapon
 w - 8 scrolls of teleportation
 A - a scroll of butterflies {unknown}
 I - a scroll of enchant armour {unknown}
 Q - a scroll of amnesia {unknown}
 S - a scroll of immolation {unknown}
Potions
 e - a potion of degeneration
 h - a potion of brilliance {unknown}
 j - 2 potions of flight
 o - 2 potions of magic {unknown}
 t - 3 potions of attraction
 u - a potion of cancellation {unknown}
 v - a potion of berserk rage {unknown}
 B - 2 potions of invisibility
 G - a potion of haste
 H - 2 potions of might
 J - a potion of ambrosia {unknown}
 K - a potion of mutation {unknown}
 L - 2 potions of curing
Miscellaneous
 d - a phantom mirror


   Skills:
 * Level 9.6(14.6) Fighting
 + Level 3.8(8.8) Short Blades
 - Level 4.5(10.2) Axes
 - Level 3.8(9.9) Maces & Flails
 * Level 2.0(7.0) Throwing
 + Level 6.4(11.4) Armour
 + Level 5.6(10.6) Dodging
 + Level 6.5(11.5) Shields
 + Level 5.7 Invocations


You had 10 spell levels left.
You didn't know any spells.
Your spell library contained the following spells:

 Spells                   Type           Power      Damage    Failure   Level
 Kiss of Death            Conj/Necr      0%         2d5       92%         1
 Blink                    Tloc           0%         N/A       98%         2
 Confusing Touch          Hex            0%         N/A       100%        3
 Dispel Undead            Necr           0%         3d6       100%        4
 Manifold Assault         Tloc           0%         N/A       100%        4
 Storm Form               Tmut/Air       0%         N/A       100%        7


Dungeon Overview and Level Annotations

Branches:
Dungeon (10/15)            Temple (0/1) D:4
   Lair: D:8-11         Orc: D:9-12

Altars:
Cheibriados
Dithmenos
Hepliaklqana
Makhleb
Nemelex Xobeh
Okawaru
Vehumet
Wu Jian
Xom

Annotations:
D:10 Snorg


Innate Abilities, Weirdness & Mutations

You have large cloven feet.
You are partially covered in thin metallic scales. (AC +2)
You regenerate health from kills.


Message History

You block Snorg's attack. x2; Snorg claws you.
You puncture Snorg!
Snorg looks as sick as possible!
You kick Snorg.
Snorg is severely wounded.
You block Snorg's attack. Snorg claws you but does no damage. Snorg claws you!
* * * LOW HITPOINT WARNING * * *
You closely miss Snorg. You kick Snorg.
Snorg is severely wounded.
Snorg barely misses you. Snorg claws you but does no damage.
You block Snorg's attack. x2; Snorg closely misses you.
Snorg claws you but does no damage.
You closely miss Snorg. You kick Snorg.
Snorg is severely wounded.
Snorg bites you but does no damage. Snorg claws you!
* * * LOW HITPOINT WARNING * * *
Snorg claws you but does no damage.
You feel much better. Snorg bites you but does no damage. Snorg claws you.
* * * LOW HITPOINT WARNING * * *
Snorg claws you but does no damage. Snorg bites you!
* * * LOW HITPOINT WARNING * * *
Snorg closely misses you. You block Snorg's attack.
You puncture Snorg!
Snorg looks as sick as possible!
Your kick misses Snorg.
Snorg is severely wounded.
Snorg misses you. Snorg claws you.
* * * LOW HITPOINT WARNING * * *
Snorg claws you but does no damage. Snorg barely misses you.
Snorg claws you but does no damage. x2
You gain the combat prowess of a mighty hero.
Snorg bites you!
* * * LOW HITPOINT WARNING * * *
Snorg claws you but does no damage. Snorg claws you.
* * * LOW HITPOINT WARNING * * *
You barely miss Snorg.
Snorg is severely wounded.
Snorg closely misses you. You block Snorg's attack. Snorg claws you.
* * * LOW HITPOINT WARNING * * *
You feel much better. Snorg barely misses you. You block Snorg's attack.
Snorg claws you!
* * * LOW HITPOINT WARNING * * *
Snorg bites you!!
You die...

######+## #....[..#
+.......# #.......+
+. ..###.......#
..........T....# #.#
#.###@# ...#.#...#
.###.#.#.###.#
..............#
..###.#.#.###.#
..#.#.....#.#.#
####+.#.###.###.#.#
#.................#
#.....+...##......##


You could see Snorg (berserk, extremely poisoned).

Vanquished Creatures
  A two-headed ogre (D:8)
  Pikel (D:4)
  A deep elf pyromancer (D:7)
  An ugly thing (D:7)
  A gargoyle (D:7)
  Psyche (D:8)
  A hornet (D:9)
  2 trolls
  A slime creature (D:7)
  A shadow (D:9)
  A vampire (D:7)
  A wyvern (D:10)
  Eustachio (D:4)
  A steam dragon (D:9)
  Menkaure (D:5)
  An acid dragon (D:8)
  2 water moccasins
  An ice beast (D:6)
  4 orc warriors
  2 black bears (D:6)
  2 ogres
  3 centaurs
  A lemure (D:4)
  5 kobold brigands
  Blork the orc (D:5)
  A gnoll sergeant (D:9)
  4 bullfrogs
  3 wights (D:8)
  12 killer bees
  A howler monkey (D:6)
  8 orc priests
  4 hounds
  2 jellies
  A gnoll bouda (D:6)
  A sleepcap (D:7)
  3 iguanas
  13 orc wizards
  Robin (D:2)
  13 gnolls
  5 adders
  A shadow imp (D:6)
  A white imp (D:8)
  An ufetubus (D:5)
  3 worms
  4 dart slugs
  42 orcs
  3 ball pythons
  6 bats (D:1)
  4 endoplasms
  7 giant cockroaches
  11 goblins
  5 hobgoblins
  6 jackals (D:3)
  8 quokkas
  5 frilled lizards
  30 kobolds
  6 rats
253 creatures vanquished.

Vanquished Creatures (others)
  A kobold (D:7)
1 creature vanquished.

Grand Total: 254 creatures vanquished

Notes
Turn   | Place    | Note
-------+----------+-------------------------------------------
     0 | D:1      | javelincjr the Demonspawn Fighter began the quest for the
                  | Orb.
     0 | D:1      | Reached XP level 1. HP: 18/18 MP: 1/1
   166 | D:1      | Gained mutation: You have large cloven feet. [demonic
                  | ancestry]
   166 | D:1      | Reached XP level 2. HP: 17/24 MP: 2/2
   547 | D:2      | Gained mutation: You regenerate a little health from kills.
                  | [demonic ancestry]
   547 | D:2      | Reached XP level 3. HP: 29/29 MP: 3/3
   679 | D:2      | Noticed Robin
   689 | D:2      | Killed Robin
  1324 | D:3      | Found an iron altar of Okawaru.
  1337 | D:3      | Found a burning altar of Makhleb.
  1339 | D:3      | Became a worshipper of Warmaster Okawaru
  1344 | D:3      | Reached XP level 4. HP: 35/35 MP: 4/4
  1378 | D:3      | Found a faded altar of an unknown god.
  1587 | D:3      | Found a shimmering altar of Xom.
  1590 | D:3      | Found a sparkling altar of Nemelex Xobeh.
  1876 | D:3      | Identified the +7 chain mail of Baldness {rC+ rN+}
  2263 | D:4      | Found a snail-covered altar of Cheibriados.
  2271 | D:4      | Found a staircase to the Ecumenical Temple.
  2311 | D:4      | Noticed Pikel
  2311 | D:4      | Noticed a lemure
  2311 | D:4      | Noticed a lemure
  2312 | D:4      | Noticed a lemure
  2315 | D:4      | Noticed a lemure
  2327 | D:4      | Killed a lemure
  2332 | D:4      | Killed Pikel
  2332 | D:4      | Reached * piety under Okawaru
  2332 | D:4      | Reached ** piety under Okawaru
  2333 | D:4      | Reached skill level 4 in Fighting
  2333 | D:4      | Gained mutation: You regenerate health from kills. [demonic
                  | ancestry]
  2333 | D:4      | Reached XP level 5. HP: 43/43 MP: 5/5
  2333 | D:4      | Reached XP level 6. HP: 50/50 MP: 6/6
  2333 | D:4      | Gained mutation: You are partially covered in thin metallic
                  | scales. (AC +2) [demonic ancestry]
  2333 | D:4      | Reached XP level 7. HP: 55/55 MP: 7/7
  2335 | D:4      | Reached skill level 5 in Fighting
  2416 | D:4      | You fall into a shaft and drop 3 floors!
  2440 | D:7      | Found Zin's Purification Station.
  2491 | D:7      | Noticed a deep elf pyromancer
  2491 | D:7      | Noticed a gargoyle
  2492 | D:7      | Noticed a purple ugly thing
  2497 | D:7      | Noticed a slime creature
  2507 | D:7      | Noticed a fire elemental
  2514 | D:7      | Killed a purple ugly thing
  2514 | D:7      | Reached *** piety under Okawaru
  2515 | D:7      | Reached XP level 8. HP: 35/64 MP: 8/8
  2525 | D:7      | Killed a deep elf pyromancer
  2526 | D:7      | Reached skill level 6 in Fighting
  2531 | D:7      | Killed a gargoyle
  2531 | D:7      | Reached **** piety under Okawaru
  2535 | D:7      | Killed a slime creature
  2544 | D:7      | Reached skill level 7 in Fighting
  2544 | D:7      | Reached skill level 5 in Shields
  2544 | D:7      | Reached XP level 9. HP: 18/72 MP: 7/9
  2928 | D:5      | Entered Level 5 of the Dungeon
  2946 | D:5      | Reached skill level 5 in Armour
  3226 | D:5      | Reached skill level 1 in Invocations
  3346 | D:4      | Identified the +1 leather armour of Jyhanich {Fly rF+}
  3465 | D:4      | Found a radiant altar of Vehumet.
  3535 | D:4      | Found an ornate altar of the Wu Jian Council.
  3961 | D:4      | Noticed Eustachio
  3999 | D:4      | Killed Eustachio
  4000 | D:4      | Reached skill level 1 in Short Blades
  4432 | D:5      | Noticed Blork the orc
  4439 | D:5      | Killed Blork the orc
  4497 | D:5      | Noticed Menkaure
  4506 | D:5      | Killed Menkaure
  5220 | D:6      | Reached skill level 8 in Fighting
  5783 | D:7      | Reached ***** piety under Okawaru
  5829 | D:7      | Reached XP level 10. HP: 43/80 MP: 12/12
  6107 | D:7      | Found a shadowy altar of Dithmenos.
  6477 | D:7      | Bought a potion of curing for 90 gold pieces
  6628 | D:8      | Reached skill level 5 in Dodging
  7207 | D:8      | Noticed Psyche
  7230 | D:8      | Killed Psyche
  7399 | D:8      | Reached skill level 9 in Fighting
  7465 | D:8      | Noticed a two-headed ogre
  7489 | D:8      | Killed a two-headed ogre
  7490 | D:8      | Reached skill level 5 in Invocations
  7769 | D:9      | Received a gift from Okawaru
  8099 | D:9      | Reached skill level 1 in Throwing
  8400 | D:9      | Received a gift from Okawaru
  8477 | D:9      | Reached XP level 11. HP: 69/89 MP: 15/15
  8644 | D:10     | Entered Level 10 of the Dungeon
  8644 | D:10     | Found a hazy altar of Hepliaklqana.
  8708 | D:10     | Noticed Snorg
  8731 | D:10     | HP: 2/89 [Snorg (4)]
  8733 | D:10     | Mangled by Snorg

Illustrated notes

Levels and vault maps discovered:
D:1:      scummos_arrival_forest, layout_basic
D:2:      layout_loops_cross, uniq_robin
D:3:      layout_basic, nicolae_overflow_hallway_of_the_gods,
          hellmonk_ecumenical_altar_run_dry
D:4:      layout_basic, nicolae_vehumet_altar_sigil,
          nicolae_wu_jian_glorious_leap, kennysheep_mini,
          minmay_temple_entry_glass, kennysheep_generic_room_6, uniq_eustachio,
          uniq_pikel
D:5:      layout_loops_ring, uniq_blork_the_orc, uniq_menkaure
D:6:      layout_basic
D:7:      minmay_blocky_corners, layout_basic, nicolae_dithmenos_shadow_blocks,
          zin_purify, minmay_diced_spiral
D:8:      layout_basic, corexii_leaking_fountain, uniq_psyche
D:9:      layout_long_grid
D:10:     layout_roguey, fedhas_altar_2, nicolae_hepliaklqana_hazy_memory,
          lair_entry_dummy, nicolae_trove_entry_diagonal, chequers_jeans,
          minmay_misc_feat_roman, uniq_maurice, uniq_snorg, uniq_erolcha

Skill      XL: |  1  2  3  4  5  6  7  8  9 10 11 |
---------------+----------------------------------+-----
Axes           | 2 3 4 |  4.5
Armour         | 3 4 5 6 |  6.4
Shields        | 3 4 5 6 |  6.5
Fighting       | 4 5 7 8 9 |  9.6
Maces & Flails | 2 3 |  3.8
Dodging        | 2 3 4 5 |  5.6
Invocations    | 3 5 |  5.7
Short Blades   | 2 3 |  3.8
Throwing       | 1 2 |  2.0

Action                     |  1- 3 |  4- 6 |  7- 9 | 10-12 || total
---------------------------+-------+-------+-------+-------++-------
  Melee: War axe           |    39 |       |       |    17 ||    56
         Kick              |    28 |    26 |   162 |   178 ||   394
         Mace              |    36 |       |     8 |       ||    44
         Dagger            |    39 |    94 |   299 |   215 ||   647
         Rapier            |       |       |   136 |   320 ||   456
  Throw: Javelin           |       |       |       |     5 ||     5
 Invoke: Heroism           |       |       |     2 |     3 ||     5
         Finesse           |       |       |     1 |       ||     1
    Use: Potion            |       |     1 |     5 |     2 ||     8
         Scroll            |       |       |       |    10 ||    10
 Armour: Scale mail        |    66 |       |       |       ||    66
         Chain mail        |     9 |    47 |   246 |   318 ||   620
  Dodge: Dodged            |    66 |    26 |   170 |   251 ||   513
  Block: Buckler           |    32 |    35 |   264 |   347 ||   678
         Reflection        |       |     1 |     6 |     5 ||    12
